 Dungeon Crawl Stone Soup version 0.21.0-3-g78d12a8 (webtiles) character file.

176 mopl the Slasher (level 5, 0/30 HPs)
             Began as a Tengu Skald on Jan 11, 2018.
             Slain by Crazy Yiuf
             ... wielding a +4 quarterstaff of chaos
              (2 damage)
             ... on level 2 of the Dungeon.
             The game lasted 00:03:57 (1948 turns).

mopl the Slasher (Tengu Skald)                      Turns: 1948, Time: 00:03:58

Health: 0/30       AC:  4    Str: 15    XL:     5   Next: 56%
Magic:  3/9        EV:  7    Int: 13    God:
Gold:   60         SH:  0    Dex: 14    Spells: 0/8 levels left

rFire    . . .     SeeInvis .   a - +0 falchion
rCold    . . .     Gourm    .   (no shield)
rNeg     . . .     Faith    .   b - +1 leather armour
rPois    .         Spirit   .   (helmet restricted)
rElec    .         Reflect  .   (no cloak)
rCorr    .         Harm     .   (no gloves)
MR       .....                  (boots unavailable)
Stlth    +.........             (no amulet)
HPRegen  0.10/turn              j - +3 ring of strength
MPRegen  0.11/turn              (no ring)

@: lethally poisoned (0 -> -13), petrifying (expiring), infused (expiring),
flying quickly and evasively, very slow
A: beak, talons 3, able to fly 1
a: no special abilities


You were on level 2 of the Dungeon.
You were not hungry.

You visited 1 branch of the dungeon, and saw 2 of its levels.

You collected 60 gold pieces.

Inventory:

Hand Weapons
 a - a +0 falchion (weapon)
Armour
 b - a +1 leather armour (worn)
Jewellery
 j - a +3 ring of strength (left hand)
Scrolls
 e - a scroll of enchant armour
 f - a scroll of immolation {unknown}
 i - 3 scrolls of magic mapping
 l - a scroll of teleportation {unknown}
Potions
 g - a potion of invisibility
 h - a potion of haste {unknown}
 k - a potion of cancellation {unknown}
 n - a potion of heal wounds {unknown}
Books
 c - a book of Battle

   Spells                             Type                      Level
   a - Infusion                       Charms                       1
   b - Shroud of Golubria             Charms/Translocation         2
   c - Song of Slaying                Charms                       2
   d - Spectral Weapon                Hexes/Charms                 3
   e - Regeneration                   Charms/Necromancy            3
Comestibles
 d - 3 rations
 o - 5 chunks of flesh


   Skills:
 - Level 2.0 Fighting
 + Level 6.2 Long Blades
 - Level 1.1 Armour
 - Level 2.1 Dodging
 - Level 2.0 Spellcasting
 - Level 2.4 Charms


You couldn't memorise any spells.
You knew the following spells:

 Your Spells              Type           Power        Failure   Level  Hunger
a - Infusion              Chrm           #...         12%         1    ##.....
b - Song of Slaying       Chrm           #.......     17%         2    ###....
c - Spectral Weapon       Hex/Chrm       #.......     50%         3    ####...
f - Shroud of Golubria    Chrm/Tloc      #.........   28%         2    ###....


Dungeon Overview and Level Annotations

Branches:
Dungeon (2/15)

Altars:

Annotations:
D:2 Crazy Yiuf


Innate Abilities, Weirdness & Mutations

You have a beak for a mouth.
You have claws for feet.
You can fly.


Message History

You swoop lightly up into the air.
You feel very comfortable in the air.
You feel somewhat more hungry.
You barely miss Crazy Yiuf. Your peck misses Crazy Yiuf.
Your shroud begins to fray at the edges.
Crazy Yiuf hits you with a quarterstaff of chaos!
You are slowing down.
You hit Crazy Yiuf but do no damage.
Crazy Yiuf hits you with a quarterstaff of chaos!
Crazy Yiuf burns you.
Your limbs are stiffening.
You hit Crazy Yiuf. You peck Crazy Yiuf, but do no damage.
Crazy Yiuf is moderately wounded.
Your magical infusion is running out.
Crazy Yiuf hits you with a quarterstaff of chaos!
* * * LOW HITPOINT WARNING * * *
Your shroud falls apart!
You are lethally poisoned!
Crazy Yiuf hits you with a quarterstaff of chaos!
* * * LOW HITPOINT WARNING * * *
Crazy Yiuf burns you.
You die...

## #.#.#
#.#...'.(....#.# #...
.# #...#
###########..#'#######
.#####..####
#...........
......(>...# #####
#...........
.(.....##### #..)#
#.....(..... .......#
#...# #...........
.......# *...*
#........... .......#
*#g#* ##..........
.......# ♣♣@♣
##.#'####### ...(...#
♣.♣♣ #..#........
.......# ♣♣.♣
############ .......#
♣!♣♣ .......# ♣♣.♣♣
#......##### ♣...♣♣
#..........# ♣....♣
##########.# ##..##
#.###....#


You could see Crazy Yiuf.

Vanquished Creatures
  A hound (D:2)
  Natasha (twice) (D:2)
  A gnoll (D:2)
  An adder (D:2)
  3 oozes
  3 dart slugs (D:1)
  2 leopard geckos (D:1)
  4 goblins
  11 hobgoblins
  6 jackals (D:2)
  8 bats
  2 frilled lizards
  10 kobolds
  4 rats
58 creatures vanquished.

Notes
Turn   | Place    | Note
-------+----------+-------------------------------------------
     0 | D:1      | mopl the Tengu Skald began the quest for the Orb.
     0 | D:1      | Reached XP level 1. HP: 12/12 MP: 4/4
    38 | D:1      | Reached skill level 3 in Long Blades
    38 | D:1      | Reached XP level 2. HP: 7/17 MP: 0/6
    57 | D:1      | Learned a level 2 spell: Song of Slaying
    60 | D:1      | Learned a level 2 spell: Shroud of Golubria
   482 | D:1      | Reached XP level 3. HP: 19/21 MP: 7/7
   561 | D:1      | Reached skill level 4 in Long Blades
  1100 | D:2      | Noticed Natasha
  1110 | D:2      | Killed Natasha
  1110 | D:2      | Reached XP level 4. HP: 19/26 MP: 4/8
  1280 | D:2      | Reached skill level 5 in Long Blades
  1317 | D:2      | Noticed Natasha
  1332 | D:2      | Killed Natasha
  1332 | D:2      | Gained mutation: You can fly. [Tengu growth]
  1332 | D:2      | Reached XP level 5. HP: 21/30 MP: 1/9
  1347 | D:2      | Learned a level 3 spell: Spectral Weapon
  1633 | D:2      | Reached skill level 6 in Long Blades
  1932 | D:2      | Found a runed door.
  1943 | D:2      | Noticed Crazy Yiuf
  1948 | D:2      | Slain by Crazy Yiuf

Skill      XL: |  1  2  3  4  5 |
---------------+----------------+-----
Long Blades    | 3 4 5 6 |  6.2
Fighting       | |  2.0
Armour         | |  1.1
Dodging        | |  2.1
Spellcasting   | |  2.0
Charms         | |  2.4

Action                   |  1- 3 |  4- 6 || total
-------------------------+-------+-------++-------
Melee: Falchion          |    63 |    62 ||   125
       Kick              |    11 |    18 ||    29
       Peck              |     5 |    14 ||    19
 Cast: Infusion          |    10 |     9 ||    19
       Shroud of Golubri |       |     2 ||     2
       Song of Slaying   |       |     1 ||     1
 Abil: Fly               |       |     1 ||     1
  Use: Scroll            |       |     4 ||     4
  Eat: Chunk             |       |     4 ||     4
Armor: Leather armour    |    15 |    12 ||    27
Dodge: Dodged            |    39 |    28 ||    67
       Rpst.: Falchion   |    14 |     4 ||    18
